 Dungeon Crawl Stone Soup version 0.31-a0-102-g33a4ccc0cb (webtiles) character file.

Game seed: 13495967316477824050

115 ytrimaz the Cudgeller (level 5, 0/54 HPs)
             Began as an Ogre Berserker on May 26, 2023.
             Was a Priest of Trog.
             Slain by a gnoll
             ... wielding a +0 spear
              (2 damage)
             ... on level 3 of the Dungeon.
             The game lasted 00:02:26 (2598 turns).

ytrimaz the Cudgeller (Ogre Berserker)              Turns: 2598, Time: 00:02:27

Health: 0/54       AC:  3    Str: 23    XL:     5   Next: 0%
Magic:  5/5        EV: 10    Int:  8    God:    Trog [***...]
Gold:   195        SH:  0    Dex:  8    Spells: 4/4 levels left

rFire   . . .        a - +0 mace
rCold   . . .        (no shield)
rNeg    . . .        b - +0 animal skin
rPois   +            (helmet restricted)
rElec   .            (no cloak)
rCorr   .            (gloves unavailable)
SInv    .            (boots unavailable)
Will    .....        (no amulet)
Stlth   +            j - ring of poison resistance
HPRegen 0.29/turn    (no ring)
MPRegen 0.09/turn

%: no passive effects
@: no status effects
A: large, unfitting armour, tough skin 1
a: Renounce Religion, Berserk, Trog's Hand


You were on level 3 of the Dungeon.
You worshipped Trog.
Trog was most pleased with you.
You visited 1 branch of the dungeon, and saw 3 of its levels.

You collected 195 gold pieces.


Innate Abilities, Weirdness & Mutations

You are too large for most types of armour.
You have tough skin. (AC +1)


   Skills:
 - Level 4.0 Fighting
 * Level 4.3 Maces & Flails
 + Level 2.4 Throwing
 - Level 2.6 Dodging


You had 4 spell levels left.
You didn't know any spells.
Your spell library was empty.

Inventory:

Hand Weapons
 a - a +0 mace (weapon)
Missiles
 c - 8 poisoned darts (quivered)
 d - 5 javelins
Armour
 b - a +0 animal skin (worn)
Jewellery
 j - a ring of poison resistance (left hand)
   (You found it on level 2 of the Dungeon)
Scrolls
 g - a scroll of blinking
 i - a scroll of noise
 k - a scroll of identify
Potions
 e - a potion of heal wounds {unknown}
 h - a potion of haste

Dungeon Overview and Level Annotations

Branches:
Dungeon (3/15) Zot: 15349

Altars:

Annotations:
D:3 1 runed translucent door, Maxmaps's ghost, amateur GnGl

... #.. ##.##
###... .###.....
.>.....g# .#
#...gg##.# #g#..
#@#[# ##.#.######
#?........#
#.........# .###
###.........#
#...###......)....#
#.....†.#.........#
#.....##†.........#
#####.##.##########


You could see 3 gnolls and a goblin.


Message History

No target in view!
A goblin comes into view. It is wielding a +0 club.
The goblin shouts! 😎 HP[+2]
Your hp is fully restored (48).
A goblin is nearby!
A goblin is nearby!
A goblin is nearby!
The goblin barely misses you.
You see here a scroll of identify.
You miss the goblin. The goblin hits you but does no damage.
You barely miss the goblin. The goblin barely misses you.
You barely miss the goblin. The goblin misses you.
You closely miss the goblin.
The goblin hits you with a +0 club. 😕 HP[-2]
You take 2 damage, and now have 46/48 hp.
You hit the goblin. The goblin hits you with a +0 club.
The goblin closely misses you. 😕 HP[-3]
You take 3 damage, and now have 43/48 hp.
You hit the goblin.
You kill the goblin!
Trog accepts your kill.
No target in view!
No target in view!
No target in view!
No target in view!
No target in view!
k - a scroll of identify 😎 HP[+5]
Your hp is fully restored (48).
An adder comes into view.
You see here a scroll labelled VICUSS LUILA.
An adder is nearby!
An adder is nearby!
A gnoll comes into view. It is wielding a +0 spear.
You hit the adder. The adder barely misses you. The adder bites you. 😕 HP[-3]
You take 3 damage, and now have 45/48 hp.
You hit the adder. The adder bites you.
The gnoll hits you from afar with a +0 spear. 😕 HP[-2]
You take 2 damage, and now have 43/48 hp.
You closely miss the adder. Your punch misses the adder. The adder bites you.
The gnoll closely misses you. The adder bites you. 😕 HP[-6]
You take 6 damage, and now have 37/48 hp.
You closely miss the adder. The gnoll misses you.
The adder completely misses you.
The gnoll hits you from afar with a +0 spear.
You thump the adder! The adder bites you but does no damage.
The adder barely misses you. The gnoll hits you but does no damage.
You sock the adder!
You kill the adder!
Trog accepts your kill. The gnoll closely misses you.
You have reached level 5! 😕 HP[+5] MP[+1]
You now have 54 max hp (+6).
You regained 5 hp, and now have 42/54 hp.
Your mp is fully restored (5). 2 gnolls come into view.
Found a stone staircase leading down.
The gnoll shouts!
The gnoll barely misses you.
You barely miss the gnoll.
The gnoll hits you with a +0 spear. 😮 HP[-3]
You take 3 damage, and now have 39/54 hp.
You barely miss the gnoll. The gnoll closely misses you.
A goblin comes into view. It is wielding a +0 dagger.
The goblin shouts!
You hit the gnoll. The gnoll hits you with a +0 club.
The gnoll closely misses you. 😮 HP[-6]
You take 6 damage, and now have 33/54 hp.
You barely miss the gnoll. The gnoll hits you with a +0 club.
The gnoll hits you with a +0 spear. 😮 HP[-5]
You take 5 damage, and now have 28/54 hp.
You hit the gnoll but do no damage. The gnoll closely misses you.
The gnoll hits you with a +0 spear.
* * * LOW HITPOINT WARNING * * *
The gnoll barely misses you. The gnoll hits you with a +0 spear!
* * * LOW HITPOINT WARNING * * *
😨 HP[-14]
You take 14 damage, and now have 14/54 hp.
MASSIVE DAMAGE!! (PAUSE)
The gnoll attacks as you move away! The gnoll hits you with a +0 spear.
* * * LOW HITPOINT WARNING * * *
The gnoll attacks as you move away! The gnoll hits you with a +0 club.
* * * LOW HITPOINT WARNING * * *
The gnoll hits you from afar with a +0 spear!
* * * LOW HITPOINT WARNING * * *
😱 HP[-13]
You take 13 damage, and now have 1/54 hp.
MASSIVE DAMAGE!! (PAUSE) It was a potion of cancellation.
You feel magically purged. The gnoll closely misses you.
The gnoll hits you from afar with a +0 spear.
You die...

Skill      XL: |  1  2  3  4 |
---------------+-------------+-----
Maces & Flails | 3 4 |  4.3
Throwing       | 1 2 |  2.4
Fighting       | |  4.0
Dodging        | |  2.6

Action                     |  1- 3 |  4- 6 || total
---------------------------+-------+-------++-------
  Melee: Mace              |   126 |   120 ||   246
         Punch             |       |     1 ||     1
 Invoke: Trog's Hand       |       |     1 ||     1
    Use: Scroll            |     4 |     1 ||     5
         Potion            |       |     1 ||     1
   Stab: Sleeping          |     1 |       ||     1
         Distracted        |       |     1 ||     1
 Armour: Animal skin       |    32 |    54 ||    86
  Dodge: Dodged            |    68 |    97 ||   165

Levels and vault maps discovered:
D:1:      evilmike_arrival_rings, layout_loops_corners, reono_crystal_passage
D:2:      minmay_diamond_boxcup, layout_basic,
          hellmonk_ecumenical_altar_heavens_door, guppyfry_early_orc_mine
D:3:      layout_rooms, ebering_ghost_inner_flame, serial_shops, shop,
          uniq_natasha

Notes
Turn   | Place    | Note
-------+----------+-------------------------------------------
     0 | D:1      | ytrimaz the Ogre Berserker began the quest for the Orb.
     0 | D:1      | Reached XP level 1. HP: 24/24 MP: 1/1
     0 | D:1      | magus.rc [v1.9.6]
   293 | D:1      | Reached skill level 3 in Maces & Flails
   293 | D:1      | Reached XP level 2. HP: 32/32 MP: 2/2
   383 | D:1      | Reached skill level 1 in Throwing
   734 | D:1      | Reached XP level 3. HP: 19/39 MP: 3/3
   752 | D:1      | HP: 9/39 [goblin/+0 club (1)]
   755 | D:1      | Reached ** piety under Trog
  1296 | D:2      | Identified the +10 quarterstaff "Rodeitu" {elec, rElec
                  | Will++ Int-5}
  1637 | D:2      | Reached XP level 4. HP: 26/48 MP: 4/4
  1648 | D:2      | Reached skill level 2 in Throwing
  1888 | D:2      | Reached skill level 4 in Maces & Flails
  2019 | D:2      | Found a faded altar of an unknown god.
  2436 | D:3      | Reached *** piety under Trog
  2511 | D:3      | Found a runed translucent door.
  2512 | D:3      | Noticed Maxmaps's ghost (amateur GnGl)
  2591 | D:3      | Reached XP level 5. HP: 42/54 MP: 5/5
  2597 | D:3      | HP: 13/54 [gnoll/+0 spear (1)]
  2597 | D:3      | HP: 1/54 [gnoll/+0 spear (7)]
  2598 | D:3      | Slain by a gnoll

Vanquished Creatures
  An adder (D:3)
  2 worms (D:2)
  2 dart slugs
  3 orcs (D:2)
  11 endoplasms
  3 giant cockroaches
  10 goblins
  8 hobgoblins
  8 jackals (D:2)
  9 kobolds
  3 quokkas
  6 ball pythons
  7 bats
  A frilled lizard (D:2)
  6 rats
80 creatures vanquished.

Table legend:
 A = Non-vault XP
 B = Vault XP
 C = Vault XP percentage of total XP
 D = Non-vault monster count
 E = Vault monster count
 F = Vault count percentage of total count
                 A         B        C        D         E       F
            +---------+---------+-------+---------+---------+-------
      Total |     128 |      37 |  22.4 |      64 |      16 |  20.0
            +---------+---------+-------+---------+---------+-------
        D:1 |      49 |       0 |   0.0 |      28 |       0 |   0.0
        D:2 |      52 |      37 |  41.6 |      28 |      16 |  36.4
        D:3 |      27 |       0 |   0.0 |       8 |       0 |   0.0
            +---------+---------+-------+---------+---------+-------

Skill      XL: |  1  2  3  4 |
---------------+-------------+-----
Maces & Flails | 3 4 |  4.3
Throwing       | 1 2 |  2.4
Fighting       | |  4.0
Dodging        | |  2.6

Action                     |  1- 3 |  4- 6 || total
---------------------------+-------+-------++-------
  Melee: Mace              |   126 |   120 ||   246
         Punch             |       |     1 ||     1
 Invoke: Trog's Hand       |       |     1 ||     1
    Use: Scroll            |     4 |     1 ||     5
         Potion            |       |     1 ||     1
   Stab: Sleeping          |     1 |       ||     1
         Distracted        |       |     1 ||     1
 Armour: Animal skin       |    32 |    54 ||    86
  Dodge: Dodged            |    68 |    97 ||   165

Illustrated notes

Table legend:
 A = Kills in this place as a percentage of kills in the entire game.
 B = Kills by you in this place as a percentage of kills by you in the entire game.
 C = Kills by friends in this place as a percentage of kills by friends in the entire game.
 D = Other kills in this place as a percentage of other kills in the entire game.
 E = Experience gained in this place as a percentage of experience gained in the entire game.
 F = Experience gained in this place divided by the number of levels of this place that you have seen.
                   A       B       C       D       E      F
               +-------+-------+-------+-------+-------+----------------------
         Total | 100.0 | 100.0 |   N/A |   N/A | 100.0 |  55.0
       Dungeon | 100.0 | 100.0 |   N/A |   N/A | 100.0 |  55.0
               +-------+-------+-------+-------+-------+----------------------

Table legend: (Time is in decaauts)
 A = Elapsed time spent in this place.
 B = Non-inter-level travel time spent in this place.
 C = Inter-level travel time spent in this place.
 D = Time resting spent in this place.
 E = Time spent auto-exploring this place.
 F = Levels seen in this place.
 G = Mean time per level.
                   A        B        C        D        E       F      G
               +--------+--------+--------+--------+--------+-----+--------+
         Total |   2649 |   2645 |      4 |      0 |   2094 |   3 |  883.0 |
       Dungeon |   2649 |   2645 |      4 |      0 |   2094 |   3 |  883.0 |
               +--------+--------+--------+--------+--------+-----+--------+

Top non-repeatable levels by time:
     D:2: 1294 daAuts
     D:1: 1173 daAuts
     D:3: 181 daAuts
